 Dungeon Crawl Stone Soup version 0.30-a0-1164-ge08a67761e (webtiles) character file.

Game seed: 11244894376532866907

18657 Orangeyouglad the Frost Mage (level 12, -11/74 HPs)
             Began as a Human Ice Elementalist on Apr 27, 2023.
             Was an Elder of Zin.
             Mangled by a boulder beetle (40 damage)
             ... on level 3 of the Lair of Beasts on Apr 29, 2023.
             The game lasted 01:02:45 (15513 turns).

Orangeyouglad the Frost Mage (HuIE)                Turns: 15513, Time: 01:02:45

Health: -11/74     AC: 12    Str: 11    XL:     12   Next: 97%
Magic:  9/19       EV: 22    Int: 27    God:    Zin [****..]
Gold:   531        SH: 12    Dex: 20    Spells: 5/21 levels left

rFire   . . .        M - +2 spear of Satyriasis {heavy, +Blink Will+}
rCold   . . .        p - +0 kite shield
rNeg    . . .        a - +0 robe
rPois   ∞            (no helmet)
rElec   .            y - +0 cloak
rCorr   .            (no gloves)
SInv    .            (no boots)
Will    +....        (no amulet)
Stlth   +++          g - +6 ring of intelligence
HPRegen 0.32/turn    q - +5 ring of evasion
MPRegen 0.16/turn

%: no passive effects
@: ice-armoured, vitalised, freezing walls
A: no striking features
a: Renounce Religion, Evoke Blink, Recite, Vitalisation, Imprison, Donate Gold


You were on level 3 of the Lair of Beasts.
You worshipped Zin.
Zin was greatly pleased with you.
You visited 3 branches of the dungeon, and saw 13 of its levels.
You also visited: Sewer.

You collected 741 gold pieces.
You donated 210 gold pieces to Zin.

Inventory:

Hand Weapons
 r - a +0 dagger of flaming
 D - a +1 hand axe of venom
 G - a +4 short sword
 M - the +2 spear of Satyriasis (weapon) {heavy, +Blink Will+}
   (You found it on level 3 of the Lair of Beasts)

   +Blink:    It lets you blink.
   Will:      It increases your willpower.
Missiles
 l - 2 throwing nets
 x - 4 poisoned darts (quivered)
 J - 2 curare-tipped darts
Armour
 a - a +0 robe (worn)
 p - a +0 kite shield (worn)
 w - a +0 buckler
 y - a +0 cloak (worn)
Magical Staves
 d - a staff of earth
Jewellery
 f - a ring of ice
 g - a +6 ring of intelligence (left hand)
 j - a ring of protection from fire
 q - a +5 ring of evasion (right hand)
 v - a ring of fire
 E - a ring of fire
Wands
 B - a wand of paralysis (2)
Scrolls
 c - 3 scrolls of poison
 i - a scroll of brand weapon
 k - 4 scrolls of enchant armour
 n - 6 scrolls of fog
 F - 2 scrolls of enchant weapon
 H - a scroll of vulnerability {unknown}
 K - a scroll of silence {unknown}
 N - 2 scrolls of identify
Potions
 e - a potion of might
 h - 5 potions of curing
 m - 7 potions of mutation
 o - 2 potions of flight
 s - a potion of cancellation
 z - a potion of ambrosia
 A - a potion of lignification {unknown}
 I - a potion of invisibility {unknown}
 L - 2 potions of attraction


   Skills:
 + Level 9.7 Dodging
 - Level 4.0 Stealth
 + Level 8.8 Shields
 - Level 5.0 Spellcasting
 + Level 3.2 Summonings
 + Level 4.9 Translocations
 - Level 5.4 Fire Magic
 - Level 10.0 Ice Magic
 + Level 9.2 Invocations


You had 5 spell levels left.
You knew the following spells:

 Your Spells              Type           Power      Damage    Failure   Level
a - Freeze                Ice            100%       1d10      1%          1
b - Frozen Ramparts       Ice            100%       1d16      1%          3
c - Ozocubu's Armour      Ice            57%        N/A       1%          3
d - Scorch                Fire           72%        2d8       3%          2
e - Volatile Blastmotes   Fire/Tloc      68%        2d15      8%          3
f - Summon Ice Beast      Ice/Summ       42%        N/A       14%         4

Your spell library contained the following spells:

 Spells                   Type           Power      Damage    Failure   Level
 Apportation              Tloc           66%        N/A       2%          1
 Lesser Beckoning         Tloc           66%        N/A       4%          2
 Summon Small Mammal      Summ           96%        N/A       5%          1
 Gell's Gravitas          Tloc           33%        N/A       9%          3
 Teleport Other           Tloc           33%        N/A       9%          3
 Necrotise                Necr           24%        1d5       21%         1
 Dazzling Flash           Conj/Hex       12%        N/A       52%         3
 Flame Wave               Conj/Fire      21%        2d8       56%         4
 Iskenderun's Mystic Bla  Conj/Tloc      20%        2d6       58%         4
 Starburst                Conj/Fire      10%        6d5       100%        6
 Summon Cactus Giant      Summ           12%        N/A       100%        6


Dungeon Overview and Level Annotations

Branches:
Dungeon (9/15)             Temple (1/1) D:5            Lair (3/5) D:8
  Swamp (0/4) Lair:2        Snake (0/4) Lair:2        Sewer (visited)
    Orc: D:9-12

Altars:
Ashenzari
Cheibriados
Dithmenos
Elyvilon
Fedhas
Hepliaklqana
Kikubaaqudgha
Makhleb
Nemelex Xobeh
Okawaru
Qazlal
Ru
Sif Muna
Trog
Uskayaw
Vehumet
Wu Jian
Xom
Zin
The Shining One

Shops:
D:7 (

Portals:
Abyss: Lair:1

Annotations:
Lair:1 2 transporters, Myst's ghost, journeyman MiFi
Lair:2 2 runed translucent doors, Fannar; pigah's ghost, journeyman FoCK


Message History

The bolt of cold hits you!!
* * * LOW HITPOINT WARNING * * *
You climb downwards.
The boulder beetle leaps!
There is a stone staircase leading up, spattered with blood here.
You feel much better.
The boulder beetle leaps!
You start resting.
A boulder beetle is nearby!
Casting: Ozocubu's Armour (safe; 1% risk of failure)
Confirm with . or Enter, or press ? or * to list all spells.
Casting: Frozen Ramparts (safe; 1% risk of failure)
Press: ? - help, Dir - look around, f - activate The walls around you are covered in ice.
Casting: Frozen Ramparts (safe; 1% risk of failure)
Confirm with . or Enter, or press ? or * to list all spells.
A film of ice covers your body!
The wall freezes the boulder beetle but does no damage.
You hit the boulder beetle but do no damage.
The wall freezes the boulder beetle but does no damage.
The boulder beetle completely misses you.
The wall freezes the boulder beetle but does no damage.
The boulder beetle leaps!
You hit the boulder beetle but do no damage.
The frozen ramparts melt away.
The boulder beetle bites you! The boulder beetle misses you.
Casting: Ozocubu's Armour (safe; 1% risk of failure)
Confirm with . or Enter, or press ? or * to list all spells.
Casting: Frozen Ramparts (safe; 1% risk of failure)
Press: ? - help, Dir - look around, f - activate The walls around you are covered in ice.
The wall freezes the boulder beetle!
The boulder beetle completely misses you.
You completely miss the boulder beetle.
The boulder beetle is lightly wounded.
The wall freezes the boulder beetle.
You block the boulder beetle's attack.
The wall freezes the boulder beetle.
The boulder beetle leaps!
The boulder beetle curls into a ball and begins rolling!
The wall freezes the boulder beetle!
The boulder beetle hits you!!!
Ouch! That really hurt!
You die...

...# #.................#.... ...#
#...................... ..#.#
#...................... .#####
##.#..................# ##.#.##
#...#.....P...........#..
....<.###..###...................
............P..........<.........
.................#...............
................@#...............
........##.#...BP#..............P
.......####.....○................
.......# ##...°..^..............
.....#######....°................
.....###..#P.....................
.....#...........................
....†.#..♣...♣...................
...#.†#.♣P..P.♣.........##..###..


You could see a boulder beetle (rolling).

Vanquished Creatures
  3 hydras (Lair:2)
  Amaemon (Lair:2)
  A deep troll (Lair:2)
  5 elephants (Lair:1)
  2 black mambas (Lair:3)
  An orange demon (Lair:2)
  A rime drake (D:8)
  4 cane toads
  2 komodo dragons
  2 polar bears
  8 blink frogs
  Prince Ribbit (D:6)
  12 yaks (Lair:1)
  A basilisk (Lair:2)
  2 swamp worms (Lair:2)
  4 nagas (Lair:2)
  10 water moccasins
  A black bear (D:8)
  9 ice beasts (D:8)
  An orc warrior (D:7)
  3 ogres
  2 centaurs (D:7)
  25 wolves
  Blork the orc (D:4)
  8 bullfrogs
  3 scorpions
  A wight (D:7)
  Crazy Yiuf (D:7)
  3 orc priests
  4 hounds
  A sleepcap (D:8)
  2 iguanas
  3 orc wizards
  3 adders
  2 river rats (D:6)
  A white imp (D:7)
  2 ufetubi
  4 worms
  4 dart slugs
  25 orcs
  8 endoplasms
  3 giant cockroaches
  8 goblins
  8 hobgoblins
  15 jackals
  4 quokkas
  9 ball pythons
  7 bats
  2 frilled lizards
  3 kobolds
  5 rats
241 creatures vanquished.

Vanquished Creatures (collateral kills)
  A bog body (Lair:2)
  A swamp worm (Lair:2)
  An electric eel (Lair:2)
3 creatures vanquished.

Vanquished Creatures (others)
  31 fungi
  30 plants
61 creatures vanquished.

Grand Total: 305 creatures vanquished

Notes
Turn   | Place    | Note
-------+----------+-------------------------------------------
     0 | D:1      | Orangeyouglad the Human Ice Elementalist began the quest
                  | for the Orb.
     0 | D:1      | Reached XP level 1. HP: 13/13 MP: 3/3
   126 | D:1      | Reached XP level 2. HP: 19/19 MP: 1/5
   623 | D:1      | Reached XP level 3. HP: 24/24 MP: 3/6
  1158 | D:2      | Learned a level 3 spell: Frozen Ramparts
  1162 | D:2      | Learned a level 3 spell: Ozocubu's Armour
  1299 | D:2      | Reached XP level 4. HP: 30/30 MP: 5/7
  2038 | D:3      | Reached XP level 5. HP: 28/35 MP: 3/9
  2645 | D:4      | Noticed Blork the orc
  2665 | D:4      | Upgraded the game from 0.30-a0-1161-g0704695555 to
                  | 0.30-a0-1164-ge08a67761e
  2735 | D:4      | Killed Blork the orc
  2736 | D:4      | Reached XP level 6. HP: 41/41 MP: 4/10
  2995 | D:4      | Learned a level 2 spell: Scorch
  3093 | D:5      | Entered Level 5 of the Dungeon
  3093 | D:5      | You fall into a shaft and drop 1 floor!
  3158 | D:6      | Reached skill level 5 in Ice Magic
  3325 | D:6      | Found a glowing drain.
  3334 | D:6      | Reached XP level 7. HP: 35/46 MP: 5/12
  3405 | Sewer    | Entered a sewer
  3462 | Sewer    | Noticed a water moccasin
  3485 | Sewer    | Killed a water moccasin
  3486 | Sewer    | Reached skill level 1 in Shields
  3486 | Sewer    | Reached skill level 1 in Fire Magic
  4072 | D:5      | Found a staircase to the Ecumenical Temple.
  4131 | D:5      | Reached XP level 8. HP: 51/52 MP: 6/13
  4188 | Temple   | Entered the Ecumenical Temple
  4188 | Temple   | Found a transporter.
  4188 | Temple   | Found a transporter.
  4190 | Temple   | Found a transporter.
  4190 | Temple   | Found a transporter.
  4277 | Temple   | Became a worshipper of Zin the Law-Giver
  4277 | Temple   | Reached * piety under Zin
  4282 | Temple   | Donated 136 gold pieces to Zin
  4343 | D:5      | Reached ** piety under Zin
  4955 | D:6      | Found a shadowy altar of Dithmenos.
  4955 | D:6      | Noticed Prince Ribbit
  5318 | D:7      | Reached skill level 1 in Invocations
  5436 | D:7      | Reached skill level 6 in Ice Magic
  5521 | D:7      | Reached skill level 5 in Dodging
  5641 | D:7      | Reached *** piety under Zin
  5963 | D:7      | Found a runed translucent door.
  5964 | D:7      | Noticed Crazy Yiuf
  6096 | D:7      | Killed Crazy Yiuf
  6097 | D:7      | Reached XP level 9. HP: 42/57 MP: 5/14
  6237 | D:7      | Found Ygycw's Antique Weapon Shoppe.
  6448 | D:7      | Reached **** piety under Zin
  6839 | D:8      | Noticed a polar bear
  6858 | D:8      | Noticed a rime drake
  6944 | D:8      | Killed a rime drake
  6945 | D:8      | Reached skill level 7 in Ice Magic
  7264 | D:8      | Killed a polar bear
  7265 | D:8      | Reached skill level 5 in Shields
  7265 | D:8      | Reached skill level 5 in Fire Magic
  7265 | D:8      | Reached XP level 10. HP: 17/63 MP: 1/15
  7635 | D:8      | Reached skill level 5 in Invocations
  7802 | D:8      | Found a staircase to the Lair.
  8419 | Lair:1   | Entered Level 1 of the Lair of Beasts
  8669 | Lair:1   | Reached ***** piety under Zin
  8744 | Lair:1   | Reached skill level 8 in Ice Magic
  8885 | Lair:1   | Reached XP level 11. HP: 58/68 MP: 10/17
  8944 | Lair:1   | Noticed an elephant
  8944 | Lair:1   | Noticed an elephant
  8975 | Lair:1   | Found a transporter.
  8979 | Lair:1   | Found a one-way gate to the infinite horrors of the Abyss.
  8979 | Lair:1   | Noticed Myst's ghost (journeyman MiFi)
  9016 | Lair:1   | Noticed a sixfirhy
  9085 | Lair:1   | Noticed an elephant
  9092 | Lair:1   | Noticed an elephant
  9235 | D:6      | Killed Prince Ribbit
  9596 | Lair:1   | Killed an elephant
  9597 | Lair:1   | Reached skill level 5 in Spellcasting
  9680 | D:8      | Learned a level 3 spell: Volatile Blastmotes
  9966 | Lair:1   | Killed an elephant
 10025 | Lair:1   | Killed an elephant
 10026 | Lair:1   | Reached skill level 1 in Translocations
 10249 | Lair:1   | Noticed an elephant
 10286 | Lair:1   | Killed an elephant
 10731 | Lair:1   | Reached skill level 9 in Ice Magic
 10854 | Lair:1   | Found a transporter.
 10866 | Lair:1   | Noticed a white ugly thing
 11128 | Lair:1   | Noticed a wolf spider
 11173 | Lair:1   | Killed an elephant
 11460 | Lair:2   | Noticed a four-headed hydra
 11696 | Lair:2   | Noticed Amaemon
 11865 | Lair:3   | Identified the +2 spear of Satyriasis {heavy, +Blink Will+}
 11922 | Lair:2   | Noticed a six-headed hydra
 11927 | Lair:2   | Noticed a seven-headed hydra
 11939 | Lair:2   | Reached XP level 12. HP: 69/74 MP: 13/19
 12801 | Lair:1   | Learned a level 4 spell: Summon Ice Beast
 13034 | Lair:2   | Killed a seven-headed hydra
 13035 | Lair:2   | Reached skill level 1 in Summonings
 13386 | Lair:2   | Killed a four-headed hydra
 13562 | Lair:2   | Reached skill level 10 in Ice Magic
 13827 | Lair:2   | Killed a six-headed hydra
 13997 | Lair:2   | Found a staircase to the Snake Pit.
 14038 | Lair:2   | Found a staircase to the Swamp.
 14170 | Lair:2   | Found a large runed translucent door.
 14170 | Lair:2   | Found a large runed translucent door.
 14172 | Lair:2   | Noticed pigah's ghost (journeyman FoCK)
 14604 | Lair:3   | Noticed a boulder beetle
 14664 | Lair:2   | Noticed Fannar
 14889 | Lair:2   | Noticed a deep troll
 14895 | Lair:2   | Killed a deep troll
 15062 | Lair:2   | Killed Amaemon
 15513 | Lair:3   | Mangled by a boulder beetle

Illustrated notes

Levels and vault maps discovered:
D:1:      minmay_arrival_stone_box, layout_loops_ring
D:2:      layout_rooms, minmay_tromino_v4_b
D:3:      layout_rooms, nrook_campfire
D:4:      layout_cave_pools, uniq_blork_the_orc
D:5:      layout_basic, minmay_temple_entry_nine_rooms
D:6:      layout_loops_cross, mainiacjoe_overflow_boulevard,
          portal_sewer_entry_c, uniq_prince_ribbit1
D:7:      layout_loops_cross, serial_shops, nicolae_shop_crystal,
          corexii_item_surrounded_by_moat, uniq_crazy_yiuf_cottage
D:8:      layout_loops_ring, hellmonk_lair_entry_icy
D:9:      layout_rooms, orc_0_dummy, serial_shops, nicolae_shop_tiny_waterfront,
          dk_noncrumbling_3
Temple:   hellmonk_temple_divided_pantheon
Lair:1:   layout_roguey, gammafunk_ghost_abyssal_escape,
          chequers_serial_rivers_micro_c
Lair:2:   dreamdust_cave_troll, layout_long_grid,
          nicolae_swamp_entry_splash_gauntlet,
          minmay_snake_entry_guardpost_small, ebering_ghost_disaster_area,
          uniq_amaemon, uniq_fannar
Lair:3:   gammafunk_indiana_jones, layout_gridlike, st_stairs_4,
          chequers_serial_rivers_micro_a, grunt_forest_stairs_basic,
          minmay_lindwurm_lava

Skill      XL: |  1  2  3  4  5  6  7  8  9 10 11 12 |
---------------+-------------------------------------+-----
Stealth        | 3 4 |  4.0
Dodging        | 3 4 5 6 7 8 9 |  9.7
Spellcasting   | 3 4 5 |  5.0
Ice Magic      | 5 6 7 8 9 10 | 10.0
Shields        | 2 3 5 6 7 8 |  8.8
Fire Magic     | 2 3 5 |  5.4
Invocations    | 2 4 6 7 9 |  9.2
Translocations | 3 4 |  4.9
Summonings     | 3 |  3.2

Action                     |  1- 3 |  4- 6 |  7- 9 | 10-12 || total
---------------------------+-------+-------+-------+-------++-------
  Melee: Unarmed           |    11 |       |       |       ||    11
         Short sword       |    37 |     1 |    54 |   121 ||   213
         Dagger            |       |    47 |    28 |       ||    75
         Spear             |       |       |       |    74 ||    74
  Throw: Dart              |       |     2 |    19 |    33 ||    54
   Cast: Freeze            |    46 |    41 |    20 |    93 ||   200
         Frozen Ramparts   |     1 |     9 |    22 |    54 ||    86
         Ozocubu's Armour  |       |     6 |    16 |    53 ||    75
         Scorch            |       |       |    31 |    61 ||    92
         Volatile Blastmot |       |       |       |     5 ||     5
         Summon Ice Beast  |       |       |       |     1 ||     1
 Invoke: Recite            |       |       |     5 |     8 ||    13
         Donate Gold       |       |       |     1 |       ||     1
         Vitalisation      |       |       |     1 |     6 ||     7
Ability: Evoke Blink       |       |       |       |     1 ||     1
  Evoke: Wand              |       |       |    12 |     7 ||    19
    Use: Scroll            |       |     8 |    11 |     8 ||    27
         Potion            |       |       |     1 |     9 ||    10
   Stab: Sleeping          |       |     2 |     3 |     1 ||     6
         Confused          |       |       |     2 |     4 ||     6
         Paralysed         |       |       |       |     6 ||     6
         Distracted        |       |       |       |     1 ||     1
 Armour: Robe              |    24 |     7 |    16 |    67 ||   114
  Dodge: Dodged            |    85 |    61 |   159 |   374 ||   679
  Block: Buckler           |       |     6 |    37 |     5 ||    48
         Kite shield       |       |       |       |   252 ||   252

Table legend: (Time is in decaauts)
 A = Elapsed time spent in this place.
 B = Non-inter-level travel time spent in this place.
 C = Inter-level travel time spent in this place.
 D = Time resting spent in this place.
 E = Time spent auto-exploring this place.
 F = Levels seen in this place.
 G = Mean time per level.
                   A        B        C        D        E       F      G
               +--------+--------+--------+--------+--------+-----+--------+
         Total |  15577 |  15011 |    566 |   5220 |   5090 |  14 | 1112.6 |
       Dungeon |   8665 |   8221 |    444 |   1782 |   4201 |   9 |  962.8 |
        Temple |    112 |    103 |      9 |      0 |      6 |   1 |  112.0 |
          Lair |   6648 |   6535 |    113 |   3437 |    883 |   3 | 2216.0 |
         Sewer |    151 |    151 |      0 |      0 |      0 |   1 |  151.0 |
               +--------+--------+--------+--------+--------+-----+--------+

Top non-repeatable levels by time:
  Lair:1: 3416 daAuts
  Lair:2: 2667 daAuts
     D:8: 1946 daAuts
     D:7: 1584 daAuts
     D:6: 1123 daAuts
     D:1: 1104 daAuts
     D:5: 914 daAuts
     D:3: 737 daAuts
     D:4: 723 daAuts
  Lair:3: 564 daAuts
     D:2: 525 daAuts
   Sewer: 151 daAuts
  Temple: 112 daAuts
     D:9: 7 daAuts
